AoeStats
← Tolili

Glade

510611667Analyzed
1v1 RM · 1d ago on Oct 1, 2026· 53m 5s· 2 players
Game mode
Random Map
Map size
Tiny (2 player)
Population
200
Speed
Normal
Resources
Standard
Victory
Conquest
Starting age
Dark Age
Ending age
Imperial Age
RankedLock teamsTeams togetherTeam positionsShared explorationLock speedFull tech treeHidden civsTurbo modeCheats
Victory
Defeat
🇲🇽 Vikings · Mexico
1489
+14
🇪🇸 Koreans · Spain
1456
-14
Tolili
12:09 Feudal Age
16:07 Castle Age
14:27 Fletching
15:09 Horse Collar
15:16 Double-Bit Axe
16:08 Stone Mining
16:43 Bodkin Arrow
21:02 Wheelbarrow
21:19 Loom
21:58 Town Watch
23:13 Heavy Plow
23:28 Bow Saw
24:03 Stone Mining
31:18 Hand Cart
30:26 Crossbowman
33:25 Ballistics
34:04 Stone Shaft Mining
33:57 Gold Mining
36:03 Gold Shaft Mining
39:41 Imperial Age
38:03 Masonry
38:48 Man-at-Arms
40:01 Scale Mail Armor
39:29 Long Swordsman
40:38 Heavy Plow
41:40 Two-Man Saw
40:11 Capped Ram
40:35 Two-Handed Swordsman
41:43 Conscription
42:07 Chain Mail Armor
42:05 Forging
41:59 Squires
43:23 Iron Casting
43:46 Plate Mail Armor
45:18 Heavy Rocket Cart
47:09 Chemistry
47:21 Bracer
47:45 Arrowslits
47:33 Champion
50:48 Architecture
cachiporokas
7:10 Loom
9:59 Feudal Age
19:17 Castle Age
18:57 Man-at-Arms
19:44 Horse Collar
22:27 Squires
22:48 Double-Bit Axe
23:59 Gold Mining
25:21 Scale Mail Armor
27:51 Chain Mail Armor
26:59 Long Swordsman
36:32 Imperial Age
37:10 Capped Ram
39:57 Onager
41:30 Fletching
42:36 Heavy Plow
43:07 Town Watch
43:51 Elite Varangian Guard
45:33 Plate Mail Armor
46:52 Conscription
47:30 Arson
48:39 Crop Rotation
48:23 Bow Saw
48:48 Two-Handed Swordsman
50:01 Forging
49:25 Champion
52:47 Iron Casting
52:19 Town Patrol
53:14 Gold Shaft Mining
52:30 Stone Mining
Connection lost

Rejoining the realm…

Still unreachable

The connection could not be restored.

Session expired

The server has moved on; the page needs a fresh start.